 Dungeon Crawl Stone Soup version 0.28.0 (webtiles) character file.

Game seed: 9877765643063360602

587 Krehm the Vexing (level 7, -2/35 HPs)
             Began as a Spriggan Enchanter on Feb 16, 2022.
             Was an Initiate of Dithmenos.
             Slain by a black bear (7 damage)
             ... on level 5 of the Dungeon.
             The game lasted 00:27:36 (5774 turns).

Krehm the Vexing (Spriggan Enchanter)               Turns: 5774, Time: 00:27:37

Health: -2/35      AC:  2    Str:  4    XL:     7   Next: 15%
Magic:  11/15      EV: 17    Int: 17    God:    Dithmenos [......]
Gold:   244        SH:  0    Dex: 17    Spells: 7/15 levels left

rFire   . . .      SeeInvis +   a - +1 dagger
rCold   . . .      Faith    .   (no shield)
rNeg    . . .      Spirit   .   b - +0 robe
rPois   .          Reflect  .   (helmet restricted)
rElec   .          Harm     .   (no cloak)
rCorr   .          Rampage  .   (gloves unavailable)
Will    +....                   (boots unavailable)
Stlth   +++.......              d - amulet of the acrobat
HPRegen 0.11/turn               (no ring)
MPRegen 0.14/turn               (no ring)

@: confusing by touch, very quick
A: very small, no large weapons, unfitting armour, see invisible, speed 3
a: Renounce Religion


You were on level 5 of the Dungeon.
You worshipped Dithmenos.
Dithmenos was noncommittal.
You visited 2 branches of the dungeon, and saw 6 of its levels.

You collected 244 gold pieces.

Inventory:

Hand Weapons
 a - a +1 dagger (weapon)
 h - a +3 short sword
Missiles
 g - 2 boomerangs
 r - 9 poisoned darts (quivered)
Armour
 b - a +0 robe (worn)
 p - a +0 buckler
Jewellery
 d - an amulet of the acrobat (around neck)
Wands
 q - a wand of paralysis (12)
 t - a wand of mindburst (8)
Scrolls
 e - 3 scrolls of amnesia
 f - a scroll of enchant armour {unknown}
 i - a scroll of noise {unknown}
 k - a scroll of fog {unknown}
 l - a scroll of vulnerability {unknown}
 o - a scroll of teleportation
 s - a scroll of enchant weapon {unknown}
 u - a scroll of fear {unknown}
Potions
 c - a potion of berserk rage
 j - a potion of might {unknown}
 m - a potion of invisibility
 n - 2 potions of attraction


   Skills:
 + Level 2.8 Fighting
 - Level 1.2 Short Blades
 - Level 2.7 Dodging
 - Level 5.0 Stealth
 + Level 2.1 Shields
 + Level 4.8 Spellcasting
 + Level 5.5 Hexes
 - Level 2.0 Ice Magic


You had 7 spell levels left.
You knew the following spells:

 Your Spells              Type           Power      Damage    Failure   Level
a - Ensorcelled Hibernat  Hex/Ice        34%        N/A       4%          2
b - Confusing Touch       Hex            23%        N/A       4%          3
c - Tukima's Dance        Hex            23%        N/A       4%          3

Your spell library contained the following spells:

 Spells                   Type           Power      Damage    Failure   Level
 Magic Dart               Conj           16%        1d3       14%         1
 Dazzling Flash           Conj/Hex       26%        N/A       14%         3
 Call Imp                 Summ           4%         N/A       22%         2
 Corpse Rot               Necr/Air       8%         N/A       22%         2
 Poisonous Vapours        Pois/Air       8%         N/A       22%         2
 Mephitic Cloud           Conj/Pois/Air  4%         N/A       41%         3


Dungeon Overview and Level Annotations

Branches:
Dungeon (5/15)             Temple (1/1) D:4

Altars:
Ashenzari
Cheibriados
Dithmenos
Elyvilon
Fedhas
Gozag
Hepliaklqana
Kikubaaqudgha
Makhleb
Nemelex Xobeh
Okawaru
Qazlal
Ru
Sif Muna
Uskayaw
Vehumet
Wu Jian
Xom
Yredelemnul
Zin
The Shining One

Annotations:
D:5 Ijyb


Innate Abilities, Weirdness & Mutations

You are very small and have problems with some larger weapons.
You are too small for most types of armour.
You have supernaturally acute eyesight. (SInv)
You cover ground extremely quickly. (Speed+++)


Message History

Found 35 gold pieces.
An adder comes into view.
The helpless adder fails to defend itself.
You impale the adder!!
You kill the adder!
Dithmenos accepts your kill.
You now have 226 gold pieces (gained 17).
You now have 244 gold pieces (gained 18).
A black bear comes into view.
The black bear growls angrily.
You hear a shout! x4
Ijyb the Twisted Goblin comes into view.
She is wielding a +0 dagger and carrying a wand of charming (9).
Casting: Confusing Touch (dangerous; 4% risk of failure)
Confirm with . or Enter, or press ? or * to list all spells.
Aiming: Ensorcelled Hibernation (safe; 4% risk of failure)
Press: ? - help, Shift-Dir - straight line, f - black bear
Aim: a black bear (chance to affect: 50%)
The black bear looks drowsy...
The helpless black bear fails to defend itself.
You impale the black bear!!
The black bear is severely wounded.
The black bear goes berserk!
Ijyb zaps a wand.
You resist with almost no effort.
You barely miss the black bear.
The black bear is severely wounded.
The black bear barely misses you.
The black bear claws you but does no damage.
The black bear claws you.
Casting: Ensorcelled Hibernation (safe; 4% risk of failure)
Confirm with . or Enter, or press ? or * to list all spells.
Your hands begin to glow red.
The black bear closely misses you.
The black bear barely misses you. x2; The black bear closely misses you.
The black bear claws you! The black bear claws you.
The black bear completely misses you. The black bear claws you!
The black bear completely misses you.
You hit the black bear but do no damage.
The black bear is severely wounded.
The black bear misses you. x3; The black bear bites you.
* * * LOW HITPOINT WARNING * * *
The black bear closely misses you. The black bear claws you!
You die...

#.....###........
##...####.#######
########†........#
..............##.##
.##.######.##.#...#######
..#.# #.##.........g.#
#..># #.####.g.####....#
..# #.# ##h## #.# .####
#.# #@# #...# #.# #.#
.##.# ..# #.# .##.# #.#
.##.# #.# .##<# #.# .##.#
#.# .##.# #.# .##.#


You could see a black bear (berserk) and Ijyb.

Vanquished Creatures
  An ice beast (D:5)
  A phantom (D:4)
  A howler monkey (D:4)
  A bullfrog skeleton (D:4)
  An iguana (D:3)
  2 hound skeletons (D:4)
  6 adders
  An ufetubus (D:4)
  2 worms (D:3)
  A dart slug (D:4)
  4 orcs
  3 ball pythons
  9 endoplasms
  6 giant cockroaches
  7 hobgoblins
  4 quokkas
  11 bats
  2 frilled lizards
  8 goblins
  7 kobolds
  8 rats
86 creatures vanquished.

Vanquished Creatures (collateral kills)
  Sigmund (D:3)
1 creature vanquished.

Grand Total: 87 creatures vanquished

Notes
Turn   | Place    | Note
-------+----------+-------------------------------------------
     0 | D:1      | Krehm the Spriggan Enchanter began the quest for the Orb.
     0 | D:1      | Reached XP level 1. HP: 9/9 MP: 5/5
   330 | D:1      | Reached XP level 2. HP: 14/14 MP: 6/6
   333 | D:1      | Learned a level 2 spell: Ensorcelled Hibernation
   369 | D:1      | Found a faded altar of an unknown god.
   633 | D:1      | Reached skill level 5 in Stealth
   761 | D:1      | Reached skill level 1 in Fighting
   940 | D:1      | You fall into a shaft and drop 1 floor!
  1108 | D:1      | Reached XP level 3. HP: 12/18 MP: 8/8
  1201 | D:1      | Learned a level 3 spell: Confusing Touch
  2043 | D:2      | Learned a level 3 spell: Tukima's Dance
  2433 | D:3      | Noticed Sigmund
  2450 | D:3      | Killed Sigmund
  2451 | D:3      | Reached skill level 1 in Shields
  2451 | D:3      | Reached skill level 1 in Ice Magic
  2451 | D:3      | Reached XP level 4. HP: 23/23 MP: 0/10
  2451 | D:3      | Reached XP level 5. HP: 26/26 MP: 0/11
  3629 | D:4      | Reached XP level 6. HP: 30/30 MP: 4/13
  3803 | D:3      | Reached skill level 5 in Hexes
  4134 | D:4      | Found a staircase to the Ecumenical Temple.
  4146 | Temple   | Entered the Ecumenical Temple
  4518 | Temple   | Became a worshipper of Dithmenos the Shadowed
  5072 | D:5      | Entered Level 5 of the Dungeon
  5467 | D:5      | Noticed an ice beast
  5488 | D:5      | Killed an ice beast
  5489 | D:5      | Reached XP level 7. HP: 16/35 MP: 10/15
  5760 | D:5      | Noticed Ijyb
  5774 | D:5      | Slain by a black bear

Illustrated notes

Levels and vault maps discovered:
D:1:      minmay_arrival_four_houses, layout_loops_corners,
          shapermc_ecumenical_altar_hornbeckon
D:2:      layout_rooms
D:3:      layout_basic, uniq_sigmund
D:4:      layout_cave_pools, minmay_temple_entry_slanted
D:5:      layout_loops_ring, gammafunk_ghost_mausoleum, due_unseen_surprise,
          uniq_ijyb
Temple:   mainiacjoe_temple_circle_huts

Skill      XL: |  1  2  3  4  5  6 |
---------------+-------------------+-----
Stealth        | 5 |  5.0
Fighting       | 1 2 |  2.8
Spellcasting   | 3 4 |  4.8
Hexes          | 4 5 |  5.5
Shields        | 1 2 |  2.1
Ice Magic      | 1 2 |  2.0
Short Blades   | |  1.2
Dodging        | |  2.7

Action                   |  1- 3 |  4- 6 |  7- 9 || total
-------------------------+-------+-------+-------++-------
Melee: Dagger            |   160 |   115 |     4 ||   279
       Punch             |     4 |       |       ||     4
Throw: Stone             |     9 |       |       ||     9
 Cast: Ensorcelled Hiber |     4 |    43 |     1 ||    48
       Tukima's Dance    |     1 |       |       ||     1
       Confusing Touch   |       |     7 |     1 ||     8
  Use: Potion            |     1 |       |       ||     1
       Scroll            |       |     3 |     1 ||     4
 Stab: Sleeping          |    19 |    28 |     2 ||    49
       Invisible         |     1 |       |       ||     1
       Confused          |       |     9 |       ||     9
Armor: Robe              |    17 |    14 |     1 ||    32
Dodge: Dodged            |   105 |   119 |    11 ||   235
